 Dungeon Crawl Stone Soup version 0.20.1-1-g8b1a95d (webtiles) character file.

135538 OdinFK the Peltast (level 16, -10/147 HPs)
             Began as a Minotaur Berserker on Oct 19, 2017.
             Was the Champion of Trog.
             Killed by the raging water
             ... invoked by a water nymph
              (27 damage)
             ... on level 4 of the Shoals on Oct 20, 2017.
             The game lasted 01:58:48 (27963 turns).

OdinFK the Peltast (Minotaur Berserker)            Turns: 27963, Time: 01:58:49

Health: -10/147    AC: 27    Str: 34    XL:     16   Next: 64%
Magic:  0/15       EV: 12    Int:  4    God:    Trog [******]
Gold:   689        SH: 16    Dex: 14    Spells: 15/15 levels left

rFire    + + .     SeeInvis .   R - +8 long sword (holy)
rCold    + . .     Gourm    .   u - +0 shield {AC+3}
rNeg     + . .     Faith    .   Z - +1 plate armour of the Lost Path {MR+}
rPois    .         Spirit   +   (helmet restricted)
rElec    .         Reflect  .   W - +0 cloak of Rytoug {rC+ Str+5 Dex+4}
rCorr    .         Harm     .   B - +1 pair of gloves of the Present {rF+}
MR       ++++.                  r - +0 pair of boots
Stlth    ..........             U - amulet of guardian spirit
Regen    1.4/turn               y - ring of positive energy
MPRegen  0.2/turn               D - ring of protection from fire

@: barbed spikes, regenerating, very slow
A: retaliatory headbutt, horns 2
a: Berserk, Trog's Hand, Brothers in Arms, Burn Spellbooks, Renounce Religion


You were on level 4 of the Shoals.
You worshipped Trog.
Trog was exalted by your worship.
You were hungry.

You visited 4 branches of the dungeon, and saw 27 of its levels.
You visited 1 bazaar.

You collected 2564 gold pieces.
You spent 1875 gold pieces at shops.

Inventory:

Hand Weapons
 b - a +4 scimitar of flaming
 O - a +2 antimagic scimitar
 R - a +8 long sword of holy wrath (weapon)
Missiles
 v - 14 poisoned javelins
 z - 26 tomahawks (quivered)
 H - 4 tomahawks of returning
 V - 12 steel javelins
Armour
 j - the +1 pair of gloves of Immorality {rN+ Str+9 Int-5 SInv}
   (You bought it in a shop on level 1 of the Orcish Mines)

   It affects your strength (+9).
   It affects your intelligence (-5).
   It protects you from negative energy.
   It lets you see invisible.
 r - a +0 pair of boots (worn)
 u - a +0 shield of protection (worn)
 B - the +1 pair of gloves of the Present (worn) {rF+}
   (You bought it in a shop on level 1 of the Orcish Mines)

   It protects you from fire.
 Q - the +0 cloak of Gatik {SInv}
   (You bought it in a shop on level 11 of the Dungeon)

   It lets you see invisible.
 W - the +0 cloak of Rytoug (worn) {rC+ Str+5 Dex+4}
   (You bought it in a shop on level 1 of the Orcish Mines)

   It affects your strength (+5).
   It affects your dexterity (+4).
   It protects you from cold.
 Z - the +1 plate armour of the Lost Path (worn) {MR+}
   (You bought it in a shop on level 1 of the Orcish Mines)

   It affects your resistance to hostile enchantments.
Jewellery
 k - an uncursed ring of resist corrosion
 n - an uncursed ring of protection from fire
 y - a ring of positive energy (left hand)
 D - a ring of protection from fire (right hand)
 E - an uncursed ring of protection from fire
 U - an amulet of guardian spirit (around neck)
Scrolls
 d - 9 scrolls of remove curse
 e - 2 scrolls of magic mapping
 f - 4 scrolls of identify
 h - 7 scrolls of fear
 m - a scroll of blinking
 o - 3 scrolls of noise {unknown}
 p - 10 scrolls of teleportation
 q - 3 scrolls of enchant armour {unknown}
 A - a scroll of holy word {unknown}
 F - a scroll of vulnerability {unknown}
 J - a scroll of fog {unknown}
 K - a scroll of torment {unknown}
 N - 3 scrolls of recharging {unknown}
 X - 3 scrolls of enchant weapon
 Y - 2 scrolls of summoning {unknown}
Potions
 g - 10 potions of curing
 i - 5 potions of flight
 l - a potion of cancellation
 s - 7 potions of lignification {unknown}
 w - 2 potions of agility
 x - 4 potions of haste {unknown}
 G - a potion of berserk rage
 L - 3 potions of might {unknown}
 S - 4 potions of heal wounds
 T - a potion of invisibility
Comestibles
 c - 17 bread rations
 t - 18 royal jellies
 C - 13 meat rations


   Skills:
 + Level 14.7 Fighting
   Level 12.1(14.6) Short Blades
 + Level 15.1(16.8) Long Blades
 + Level 6.9 Throwing
 + Level 16.0 Armour
 + Level 5.9 Dodging
 + Level 2.5 Stealth
 + Level 17.2 Shields


You had 15 spell levels left.
You didn't know any spells.

Dungeon Overview and Level Annotations

Branches:
Dungeon (15/15)            Temple (0/1) D:7            Lair (6/6) D:8
 Shoals (4/4) Lair:3        Snake (0/4) Lair:3        Slime (0/5) Lair:5
    Orc (2/2) D:12            Elf (0/3) Orc:2        Vaults (0/5) D:13
 Depths (0/5) D:15

Altars:
Cheibriados
Fedhas
Ru
Jiyva

Shops:
D:11 [[   D:12 :   D:15 [   Orc:1 [   Orc:2 ?=[*[

Annotations:
D:6 exclusion: oklob plant


Innate Abilities, Weirdness & Mutations

You reflexively headbutt those who attack you in melee.
You have a pair of horns on your head.


Message History

You feel much better. You block the manticore's attack. x2
The manticore claws you but does no damage.
The merfolk siren hits you from afar with a trident.
* * * LOW HITPOINT WARNING * * *
The water nymph points at you and mumbles some strange words.
The water swirls and strikes you!
* * * LOW HITPOINT WARNING * * *
You block the snapping turtle's attack.
Your deep troll bites the manticore.
Your deep troll claws the manticore!!
Your deep troll claws the manticore!
The snapping turtle bites you but does no damage.
You strike the helpless manticore from behind!
You slash the manticore!
The manticore is almost dead.
Your deep troll bites the manticore!!
The manticore dies!
Trog accepts your kill.
The snapping turtle bites you but does no damage.
The water nymph casts a spell at you. The water swirls and strikes you!
You die...

≈≈≈≈≈≈....≈≈≈P≈≈≈≈≈≈≈≈≈
≈≈≈≈≈≈≈≈≈≈≈≈≈≈≈≈≈..≈≈≈≈≈≈≈≈≈≈≈≈≈≈
≈≈≈≈≈≈≈≈≈≈≈≈≈≈≈≈≈≈.≈≈≈≈≈≈≈≈≈≈≈≈≈≈
≈≈≈≈≈≈≈≈≈≈≈≈≈≈≈≈≈≈≈≈≈≈≈≈≈≈≈≈≈≈≈≈≈
≈≈≈≈≈≈≈≈.≈≈≈≈≈≈≈≈≈≈≈≈≈≈≈≈≈≈≈≈≈≈≈≈
≈≈≈≈≈....≈≈≈≈≈≈≈≈≈≈≈≈≈≈≈≈≈†≈≈≈≈≈≈
≈≈≈......≈≈≈≈≈≈≈≈≈t≈≈≈≈m≈≈≈)≈≈≈≈≈
≈≈.......≈≈≈≈≈≈≈≈≈m≈≈##≈≈##≈≈≈≈≈≈
≈.<......≈≈≈≈≈≈≈@†t≈#######≈≈≈≈≈≈
..<......≈≈≈≈≈≈≈T≈### #≈≈#≈≈≈≈≈
.........≈≈≈≈≈≈≈≈≈## m≈≈mt##≈≈≈≈
......≈.#≈###≈≈≈≈≈≈#≈≈#≈#m###≈≈≈≈
......#######≈≈≈≈≈≈# ≈≈ ≈H #≈≈≈≈≈
....##.)#.≈.###≈≈≈###≈ ≈#≈ ##≈≈≈≈
....##)).≈...#≈≈≈≈##≈ ≈≈≈ ##≈≈≈≈
.....##.#.#.###≈≈≈≈##≈# # ##≈≈≈≈≈
....###≈.|.≈≈#..≈≈..#######.≈≈≈≈≈


You could see 2 snapping turtles, a merfolk siren, a water nymph and a friendly
deep troll (berserk).

Vanquished Creatures
  Jorgrun (Shoals:2)
  Rupert (D:13)
  Polyphemus (Shoals:2)
  Frances (Shoals:2)
  5 merfolk impalers
  An ice dragon (D:15)
  A vault guard (D:13)
  5 hydras
  2 centaur warriors (D:14)
  2 merfolk avatars
  5 catoblepae
  The ghost of mimosa the Severer, a novice HOBe of Trog (D:8)
  9 death yaks
  18 two-headed ogres
  4 satyrs
  3 ogre magi
  A tengu warrior (D:15)
  Sonja (D:12)
  Nergalle (Lair:2)
  3 sea snakes
  2 deep trolls (Orc:2)
  7 harpies
  Pikel (D:6)
  4 orc sorcerers
  A wolf spider (D:14)
  4 deep elf magi
  14 ugly things
  4 elephants (Lair:4)
  5 cyclopes
  22 fauns
  12 manticores
  A wolf spider zombie (D:15)
  2 centaur zombies
  8 merfolk sirens
  3 black mambas
  4 water nymphs
  A gargoyle (D:14)
  A torpor snail (Lair:6)
  14 spiny frogs
  A kobold demonologist (D:13)
  A centaur skeleton (D:14)
  3 rime drakes
  3 efreet
  3 komodo dragons
  15 merfolk
  The ghost of ErikD the Cudgeler, an amateur MiMo (D:4)
  A jumping spider (shapeshifter) (D:15)
  3 polar bears
  13 trolls
  3 hornets
  13 blink frogs
  5 dream sheep (Lair:5)
  7 hippogriffs
  5 snapping turtles
  A centaur simulacrum (D:13)
  4 wraiths
  3 wyverns
  63 yaks
  4 shadows
  7 basilisks
  A water elemental (Shoals:2)
  2 hungry ghosts
  7 vampire mosquitoes
  Menkaure (D:7)
  2 soldier ants
  3 acid dragons
  A soldier ant (shapeshifter) (D:15)
  3 nagas (Lair:3)
  19 water moccasins
  6 porcupines
  3 black bears
  2 ice beasts
  15 orc warriors
  2 phantoms
  4 sky beasts
  2 necrophages
  2 eyes of draining
  32 ogres
  14 wolves
  19 crocodiles
  25 centaurs
  A big kobold (D:10)
  16 bullfrogs
  A wyvern skeleton (D:14)
  4 scorpions
  22 wights
  8 howler monkeys
  2 electric eels
  6 crimson imps
  2 bullfrog zombies
  2 jellies
  2 quasits
  16 orc priests
  4 hounds
  19 orc wizards
  A gnoll shaman (D:9)
  2 bullfrog skeletons
  Jessica (D:2)
  2 iguanas
  11 worker ants
  A killer bee zombie (D:7)
  A hound skeleton (D:3)
  A howler monkey zombie (D:8)
  8 gnolls
  15 adders
  4 shadow imps
  An ooze (D:4)
  An adder skeleton (D:7)
  6 worms
  3 dart slugs
  5 leopard geckos
  72 orcs
  7 giant cockroaches
  8 goblins
  8 hobgoblins
  4 jackals
  2 quokkas
  A ball python (D:2)
  6 bats
  7 frilled lizards
  A jackal skeleton (D:4)
  7 kobolds
  A leopard gecko skeleton (D:5)
  A quokka skeleton (D:8)
  2 quokka zombies
  4 rats
  2 plants
801 creatures vanquished.

Vanquished Creatures (collateral kills)
  A merfolk avatar (Shoals:3)
  A manticore (Shoals:4)
  3 fauns (Shoals:3)
  2 vampire mosquitoes (D:11)
7 creatures vanquished.

Vanquished Creatures (others)
  A scorpion (D:6)
  4 fungi
  10 plants
15 creatures vanquished.

Grand Total: 823 creatures vanquished

Notes
Turn   | Place    | Note
-------+----------+-------------------------------------------
     0 | D:1      | OdinFK the Minotaur Berserker began the quest for the Orb.
     0 | D:1      | Reached XP level 1. HP: 19/19 MP: 0/0
   173 | D:1      | Reached XP level 2. HP: 15/27 MP: 1/1
   482 | D:1      | Reached ** piety under Trog
   765 | D:2      | Reached XP level 3. HP: 33/33 MP: 2/2
   842 | D:2      | Noticed Jessica
   848 | D:2      | Killed Jessica
   923 | D:2      | Reached XP level 4. HP: 41/41 MP: 3/3
  1079 | D:2      | Reached skill level 5 in Fighting
  1483 | D:3      | Reached skill level 5 in Long Blades
  1483 | D:3      | Reached XP level 5. HP: 48/48 MP: 4/4
  1660 | D:3      | Reached skill level 1 in Throwing
  1755 | D:3      | Reached *** piety under Trog
  1834 | D:3      | Reached XP level 6. HP: 50/56 MP: 5/5
  2879 | D:4      | Noticed ErikD's ghost (amateur MiMo)
  2891 | D:4      | Killed ErikD's ghost
  2891 | D:4      | Reached XP level 7. HP: 61/61 MP: 6/6
  3414 | D:5      | Entered Level 5 of the Dungeon
  3490 | D:5      | Found a snail-covered altar of Cheibriados.
  3505 | D:5      | Received a gift from Trog
  3629 | D:5      | Reached skill level 1 in Short Blades
  3629 | D:5      | Reached skill level 5 in Armour
  3846 | D:5      | Reached XP level 8. HP: 18/69 MP: 7/7
  5130 | D:6      | Reached skill level 1 in Stealth
  5166 | D:6      | Noticed Pikel
  5178 | D:6      | Killed Pikel
  5178 | D:6      | Reached skill level 5 in Short Blades
  5178 | D:6      | Reached XP level 9. HP: 61/77 MP: 8/8
  5206 | D:6      | Found a blossoming altar of Fedhas.
  5217 | D:6      | Noticed an oklob plant
  5486 | D:7      | Found a staircase to the Ecumenical Temple.
  5584 | D:7      | Noticed Menkaure
  5908 | D:7      | Killed Menkaure
  5908 | D:7      | Reached **** piety under Trog
  5908 | D:7      | Reached skill level 5 in Throwing
  6482 | D:8      | Noticed mimosa's ghost (novice HOBe)
  6494 | D:8      | Killed mimosa's ghost
  6662 | D:8      | Reached XP level 10. HP: 54/87 MP: 9/9
  6783 | D:8      | Found a staircase to the Lair.
  7789 | D:9      | Found a sacrificial altar of Ru.
  8598 | D:10     | Entered Level 10 of the Dungeon
  8730 | D:10     | Reached skill level 10 in Armour
  8768 | D:10     | Reached ***** piety under Trog
  8779 | D:10     | Reached skill level 1 in Shields
  8991 | D:10     | Noticed a two-headed ogre
  9001 | D:10     | Killed a two-headed ogre
  9001 | D:10     | Reached skill level 2 in Shields
  9128 | D:10     | Reached XP level 11. HP: 54/96 MP: 10/10
  9272 | D:10     | Reached skill level 10 in Short Blades
  9508 | D:10     | Reached skill level 3 in Shields
  9638 | Lair:1   | Entered Level 1 of the Lair of Beasts
  9654 | Lair:1   | Noticed an eight-headed hydra
 10120 | D:11     | Reached skill level 4 in Shields
 10144 | D:11     | Received a gift from Trog
 10397 | D:11     | Noticed a six-headed hydra
 10536 | D:11     | Killed a six-headed hydra
 10543 | D:11     | Reached skill level 5 in Shields
 10607 | D:11     | Noticed a two-headed ogre
 10618 | D:11     | Killed a two-headed ogre
 10777 | D:11     | Found Yhanayve's Armour Boutique.
 10791 | D:11     | Bought a +0 cloak for 67 gold pieces
 10791 | D:11     | Bought a +0 large shield for 67 gold pieces
 10828 | D:11     | Found Woqetih's Antique Armour Shoppe.
 10832 | D:11     | Bought a jewelled cloak for 275 gold pieces
 10842 | D:11     | Identified the cursed +0 cloak of Gatik {SInv} (You bought it in a shop on level 11 of the Dungeon)
 11228 | D:12     | Noticed a two-headed ogre
 11238 | D:12     | Killed a two-headed ogre
 11238 | D:12     | Reached skill level 6 in Shields
 11252 | D:12     | Found a staircase to the Orcish Mines.
 11287 | D:12     | Noticed a brown ugly thing
 11297 | D:12     | Killed a brown ugly thing
 11313 | D:12     | Reached skill level 10 in Fighting
 11313 | D:12     | Reached skill level 5 in Dodging
 11392 | D:12     | Noticed Sonja
 11396 | D:12     | Found Zaosta's Book Shop.
 11410 | D:12     | Reached skill level 7 in Shields
 11608 | D:12     | HP: 2/98 [Sonja/uncursed dagger of distortion (21)]
 12066 | D:12     | Killed Sonja
 12066 | D:12     | Reached XP level 12. HP: 47/105 MP: 11/11
 12074 | D:11     | HP: 3/105 [vampire mosquito (7)]
 12265 | D:12     | Noticed a two-headed ogre
 12281 | D:12     | Killed a two-headed ogre
 12298 | D:12     | Reached skill level 8 in Shields
 12505 | Lair:1   | Killed an eight-headed hydra
 12869 | Lair:1   | Reached skill level 9 in Shields
 13588 | Lair:1   | Received a gift from Trog
 14437 | Lair:2   | Noticed a catoblepas
 14471 | Lair:2   | Killed a catoblepas
 14471 | Lair:2   | Reached skill level 10 in Shields
 14620 | Lair:2   | Noticed Nergalle
 14636 | Lair:2   | Killed Nergalle
 14950 | Lair:3   | Reached XP level 13. HP: 114/116 MP: 10/12
 15205 | Lair:3   | Found a staircase to the Shoals.
 15316 | Lair:3   | Reached skill level 11 in Shields
 15386 | Lair:3   | Reached ****** piety under Trog
 15398 | Lair:3   | Received a gift from Trog
 15576 | Lair:3   | Found a staircase to the Snake Pit.
 16216 | Lair:4   | Reached skill level 12 in Shields
 17170 | Lair:5   | Found a viscous altar of Jiyva.
 17170 | Lair:5   | Found a staircase to the Slime Pits.
 17913 | Orc:1    | Entered Level 1 of the Orcish Mines
 17954 | Orc:1    | Found Casius's Antique Armour Boutique.
 17962 | Orc:1    | Received a gift from Trog
 18232 | Orc:2    | Entered Level 2 of the Orcish Mines
 18232 | Orc:2    | Found a staircase to the Elven Halls.
 18251 | Orc:2    | Found Lerog's Magic Scroll Shoppe.
 18468 | Orc:2    | Received a gift from Trog
 18573 | Orc:2    | Found Sureofip's Assorted Antiques.
 18574 | Orc:2    | Found Qucvopsymo's Jewellery Shoppe.
 18740 | Orc:2    | Reached XP level 14. HP: 58/125 MP: 9/13
 18977 | Orc:2    | Reached skill level 10 in Long Blades
 19188 | Orc:2    | Reached skill level 13 in Shields
 19684 | Orc:2    | Found Zeiry's Armour Boutique.
 19686 | Orc:2    | Bought a thin golden amulet for 110 gold pieces
 19703 | Orc:2    | Found Joniowipir's Antique Armour Emporium.
 19878 | Orc:1    | Bought a pair of ichor-stained gloves for 228 gold pieces
 19878 | Orc:1    | Bought a pair of bloodstained gloves for 228 gold pieces
 19893 | Orc:1    | Identified the +1 pair of gloves of Immorality {rN+ Str+9 Int-5 SInv} (You bought it in a shop on level 1 of the Orcish Mines)
 19893 | Orc:1    | Lost intelligence.
 19909 | Orc:1    | Identified the +1 pair of gloves of the Present {rF+} (You bought it in a shop on level 1 of the Orcish Mines)
 19947 | Orc:1    | Bought a smoking cloak for 228 gold pieces
 19947 | Orc:1    | Bought a twisted plate armour for 672 gold pieces
 19964 | Orc:1    | Identified the +0 cloak of Rytoug {rC+ Str+5 Dex+4} (You bought it in a shop on level 1 of the Orcish Mines)
 19974 | Orc:1    | Identified the cursed +1 plate armour of the Lost Path {MR+} (You bought it in a shop on level 1 of the Orcish Mines)
 20230 | D:13     | Noticed Rupert
 20256 | D:13     | Killed Rupert
 20403 | D:13     | Received a gift from Trog
 20511 | D:13     | Reached skill level 14 in Shields
 20902 | D:13     | Found a gate to the Vaults.
 21460 | D:14     | Received a gift from Trog
 21776 | D:14     | Reached XP level 15. HP: 121/134 MP: 10/14
 21808 | D:15     | Entered Level 15 of the Dungeon
 21825 | D:15     | Found Xeong's Specialty Armours.
 22453 | D:15     | Paralysed by an orc sorcerer for 2 turns
 22474 | D:15     | Found a staircase to the Depths.
 22485 | D:15     | Reached skill level 15 in Shields
 23017 | Lair:6   | Entered Level 6 of the Lair of Beasts
 23177 | Lair:6   | Received a gift from Trog
 23343 | Lair:6   | Received a gift from Trog
 23432 | Lair:6   | Reached skill level 15 in Armour
 24192 | Shoals:1 | Entered Level 1 of the Shoals
 25201 | Shoals:2 | Received a gift from Trog
 25235 | Shoals:2 | Noticed Jorgrun
 25248 | Shoals:2 | Reached skill level 16 in Shields
 25254 | Shoals:2 | Reached XP level 16. HP: 57/145 MP: 6/15
 25260 | Shoals:2 | Killed Jorgrun
 25432 | Shoals:2 | Found a flickering gateway to a bazaar.
 25448 | Bazaar   | Entered a bazaar
 25461 | Bazaar   | Found Lesite's Gadget Emporium.
 25551 | Bazaar   | Found Utaner's Book Emporium.
 25581 | Bazaar   | Found Ymemefer's Gadget Boutique.
 25617 | Bazaar   | Found Diusimon's Jewellery Emporium.
 25882 | Shoals:2 | Noticed Frances
 25924 | Shoals:2 | Killed Frances
 25980 | Shoals:2 | Noticed Polyphemus
 26008 | Shoals:2 | Killed Polyphemus
 26650 | Shoals:3 | Received a gift from Trog
 26650 | Shoals:3 | Reached skill level 15 in Long Blades
 27143 | Shoals:3 | Reached skill level 17 in Shields
 27239 | Shoals:3 | Noticed Mara
 27256 | Shoals:3 | Noticed OdinFK's illusion
 27542 | Shoals:4 | Entered Level 4 of the Shoals
 27961 | Shoals:4 | HP: 7/147 [water nymph/the raging water (16)]
 27963 | Shoals:4 | Killed from afar by a water nymph

Skill      XL: |  1  2  3  4  5  6  7  8  9 10 11 12 13 14 15 16 |
---------------+-------------------------------------------------+-----
Long Blades    | 4 5 6 9 12 14 15 | 15.1
Fighting       | 4 5 6 7 9 10 11 12 13 14 | 14.7
Armour         | 3 4 5 6 8 10 12 13 14 15 16 | 16.0
Dodging        | 3 4 5 |  5.9
Throwing       | 1 3 4 5 6 |  6.9
Short Blades   | 2 5 8 9 10 12 | 12.1
Stealth        | 1 2 |  2.5
Shields        | 2 7 10 12 14 16 17 | 17.2

Action                   |  1- 3 |  4- 6 |  7- 9 | 10-12 | 13-15 | 16-18 || total
-------------------------+-------+-------+-------+-------+-------+-------++-------
Melee: Falchion          |    51 |   114 |       |       |       |       ||   165
       Headbutt          |    16 |    23 |    50 |   282 |   495 |    98 ||   964
       Short sword       |       |    20 |   255 |  1142 |   222 |       ||  1639
       Scimitar          |       |       |       |       |   367 |       ||   367
       Long sword        |       |       |       |       |   970 |   316 ||  1286
Throw: Tomahawk          |       |    52 |    32 |    71 |    13 |       ||   168
Invok: Berserk           |     1 |     2 |     5 |    12 |     8 |     5 ||    33
       Burn Spellbooks   |       |       |     2 |       |     5 |     1 ||     8
       Brothers in Arms  |       |       |       |     2 |       |     3 ||     5
       Trog's Hand       |       |       |       |     1 |       |     3 ||     4
  Use: Scroll            |       |     1 |     2 |     9 |    11 |     2 ||    25
       Potion            |       |       |       |     2 |     1 |     1 ||     4
 Stab: Petrified         |       |       |       |       |       |     3 ||     3
       Distracted        |       |       |       |       |       |     1 ||     1
  Eat: Chunk             |     1 |     7 |    17 |    34 |    41 |     9 ||   109
       Fruit             |       |       |       |     2 |       |     2 ||     4
       Bread ration      |       |       |       |     1 |       |     1 ||     2
       Royal jelly       |       |       |       |       |       |     1 ||     1
Armor: Ring mail         |    22 |    36 |    23 |       |       |       ||    81
       Animal skin       |     1 |       |       |       |       |       ||     1
       Plate armour      |       |       |    80 |   383 |   420 |   127 ||  1010
Dodge: Dodged            |    32 |    89 |   113 |   236 |   258 |   104 ||   832
Block: Shield            |       |       |       |   150 |   270 |   247 ||   667
       Large shield      |       |       |       |   401 |   842 |       ||  1243
       Rpst.: Falchion   |     8 |    17 |       |       |       |       ||    25
       Scimitar          |       |       |       |       |    18 |       ||    18
       Long sword        |       |       |       |       |    35 |    18 ||    53
